 Dungeon Crawl Stone Soup version 0.25.0-10-g039870ee82 (webtiles) character file.

Game seed: 5438098392860176025

40205 Hastur the Brawler (level 14, 0/127 HPs)
             Began as a Ghoul Earth Elementalist on June 23, 2020.
             Was an Elder of Makhleb.
             Slain by a manticore (8 damage)
             ... on level 10 of the Dungeon.
             The game lasted 00:53:41 (27795 turns).

Hastur the Brawler (Ghoul Earth Elementalist)      Turns: 27795, Time: 00:53:42

Health: 0/127      AC: 12    Str: 17    XL:     14   Next: 9%
Magic:  21/21      EV:  6    Int: 13    God:    Makhleb [****..]
Gold:   1088       SH: 11    Dex: 15    Spells: 15/16 levels left

rFire    + + +     SeeInvis .     - Unarmed
rCold    + . .     Gourm    .   Y - +0 kite shield
rNeg     + + +     Faith    .   D - +0 chain mail {rF+}
rPois    ∞         Spirit   .   u - +2 helmet {Int+3}
rElec    .         Reflect  .   (no cloak)
rCorr    .         Harm     .   (no gloves)
MR       +....                  r - +0 pair of boots
Stlth    ..........             h - amulet "Xiasch" {Acrobat rF+}
HPRegen  0.00/turn              w - ring of protection from fire
MPRegen  0.17/turn              K - +6 ring of dexterity

@: barbed spikes, rotting
A: rotting body, claws 1, carnivore, cold resistance 1, negative energy
resistance 3, inhibited regeneration, torment resistance, unbreathing
a: Minor Destruction, Lesser Servant of Makhleb, Major Destruction, Renounce
Religion


You were on level 10 of the Dungeon.
You worshipped Makhleb.
Makhleb was greatly pleased with you.
You were not hungry.

You visited 3 branches of the dungeon, and saw 18 of its levels.

You collected 1179 gold pieces.
You spent 91 gold pieces at shops.

Inventory:

Hand Weapons
 a - a +0 dagger of venom
 N - the +7 hand axe "Vuqizac" {vorpal, rC++ Int+4}
   (You found it on level 9 of the Dungeon)

   It inflicts extra damage upon your enemies.
   It affects your intelligence (+4).
   It greatly protects you from cold.
 O - a +0 hunting sling
Missiles
 b - 414 stones
 g - 194 sling bullets
 k - 46 poisoned darts (quivered)
 T - 2 throwing nets
Armour
 r - a +0 pair of boots (worn)
 u - a +2 helmet of intelligence (worn)
 D - a +0 chain mail of fire resistance (worn)
 M - a +0 plate armour
 Q - a +0 pair of gloves
 Y - a +0 kite shield (worn)
Jewellery
 h - the amulet "Xiasch" (around neck) {Acrobat rF+}
   (You found it on level 6 of the Lair of Beasts)

   [amulet of the acrobat]

   It helps you evade while moving and waiting.
   It protects you from fire.
 w - a ring of protection from fire (left claw)
 K - a +6 ring of dexterity (right claw)
Wands
 i - a wand of digging (5)
 S - a wand of paralysis (14)
 X - a wand of enslavement (9)
Scrolls
 e - a scroll of immolation
 j - a scroll of vulnerability {unknown}
 m - a scroll of fear {unknown}
 n - 8 scrolls of remove curse
 v - 4 scrolls of enchant weapon {unknown}
 x - 3 scrolls of blinking {unknown}
 y - 6 scrolls of enchant armour {unknown}
 z - 2 scrolls of amnesia {unknown}
 A - 4 scrolls of magic mapping
 B - 5 scrolls of noise {unknown}
 C - 8 scrolls of teleportation
 P - a scroll of random uselessness {unknown}
 W - 2 scrolls of brand weapon {unknown}
 Z - a scroll of summoning {unknown}
Potions
 c - 4 potions of might
 f - 5 potions of heal wounds
 l - 3 potions of flight
 o - 3 potions of haste
 q - 10 potions of curing
 s - 2 potions of cancellation
 t - 4 potions of magic
 G - 2 potions of invisibility
 R - a potion of resistance
Miscellaneous
 L - a phantom mirror
Comestibles
 d - 25 rations
 p - 7 chunks of flesh


   Skills:
 + Level 12.5 Fighting
 - Level 1.7 Dodging
 - Level 2.1 Stealth
 + Level 7.5 Shields
 * Level 16.9 Unarmed Combat
 - Level 1.7 Spellcasting
   Level 0.8 Transmutations
 - Level 3.2 Earth Magic
 + Level 11.1 Invocations


You had 15 spell levels left.
You knew the following spells:

 Your Spells              Type           Power        Failure   Level  Hunger
a - Sandblast             Erth           #.....       98%         1    ##.....

Your spell library contained the following spells:

 Spells                   Type           Power        Failure   Level  Hunger
 Animate Skeleton         Necr           N/A          100%        1    ##.....
 Apportation              Tloc           #.....       100%        1    ##.....
 Corona                   Hex            #......      100%        1    ##.....
 Pain                     Necr           #...         100%        1    ##.....
 Shock                    Conj/Air       #...         100%        1    ##.....
 Summon Butterflies       Summ           #.......     100%        1    ##.....
 Summon Small Mammal      Summ           #...         100%        1    ##.....
 Call Imp                 Summ           #.......     100%        2    ###....
 Passwall                 Tmut/Erth      #.......     100%        2    ###....
 Swiftness                Chrm/Air       #.......     100%        2    ###....
 Call Canine Familiar     Summ           #.......     100%        3    ####...
 Confusing Touch          Hex            #.......     100%        3    ####...
 Gell's Gravitas          Tloc           #.........   100%        3    ####...
 Lesser Beckoning         Tloc           #.........   100%        3    ####...
 Static Discharge         Conj/Air       #.......     100%        3    ####...
 Stone Arrow              Conj/Erth      #.....       100%        3    ####...
 Summon Guardian Golem    Hex/Summ       #.......     100%        3    ####...
 Tukima's Dance           Hex            #.......     100%        3    ####...
 Vampiric Draining        Necr           #.........   100%        3    ####...
 Airstrike                Air            #.........   100%        4    #####..
 Animate Dead             Necr           N/A          100%        4    #####..
 Petrify                  Tmut/Erth      #.......     100%        4    #####..
 Summon Ice Beast         Ice/Summ       #.......     100%        4    #####..
 Summon Lightning Spire   Summ/Air       #.......     100%        4    #####..
 Agony                    Necr           #.......     100%        5    ######.
 Alistair's Intoxication  Tmut/Pois      #.......     100%        5    ######.
 Lee's Rapid Deconstruct  Erth           #.........   100%        5    ######.
 Lightning Bolt           Conj/Air       #.........   100%        5    ######.
 Metabolic Englaciation   Hex/Ice        #.........   100%        5    ######.
 Yara's Violent Unravell  Hex/Tmut       #.........   100%        5    ######.
 Invisibility             Hex            #.......     100%        6    #######


Dungeon Overview and Level Annotations

Branches:
Dungeon (11/15)            Temple (1/1) D:4            Lair (6/6) D:8
  Swamp (0/4) Lair:2        Snake (0/4) Lair:3        Slime (0/5) Lair:5
    Orc (0/2) D:10

Altars:
Ashenzari
Cheibriados
Dithmenos
Elyvilon
Fedhas
Gozag
Hepliaklqana
Kikubaaqudgha
Makhleb
Nemelex Xobeh
Okawaru
Qazlal
Ru
Sif Muna
Trog
Uskayaw
Vehumet
Wu Jian
Xom
Yredelemnul
Zin
The Shining One

Shops:
D:4 *   D:5 =   D:6 ?(!}

Annotations:
D:2 Sigmund
D:4 2 runed translucent doors, releu's ghost, novice TrCj


Innate Abilities, Weirdness & Mutations

Your body is rotting away.
You thrive on raw meat.
You are immune to poison.
You have sharp fingernails.
You are carnivorous and can eat meat at any time.
Your flesh is cold resistant. (rC+)
You are immune to negative energy. (rN+++)
You do not regenerate when monsters are visible.
You are immune to unholy pain and torment.
You can survive without breathing.


Message History

The gargoyle hurls a stone arrow at you.
The stone arrow hits you!
* * * LOW HITPOINT WARNING * * *
The barbed spikes dig painfully into your body as you move.
* * * LOW HITPOINT WARNING * * *
You climb upwards.
There is a stone staircase leading down here.
Unknown command.
Unknown command.
You completely miss the manticore. The manticore barely misses you.
The manticore claws you.
* * * LOW HITPOINT WARNING * * *
You block the manticore's attack.
Unknown command.
A demon appears!
The manticore bites you!
* * * LOW HITPOINT WARNING * * *
The manticore claws you.
* * * LOW HITPOINT WARNING * * *
The manticore claws you!
You die...

#..............##.....
#................[....
#..........##........)
#..........##........#
#.....................
#.....................
#...4.................
#.....÷.........).....
#...H@#...............
#...[.................
#...........##........
#...........##........
#................##...
#................##...
#.....................
#.....................
#.......#...#......#.#


You could see a manticore and a friendly hellwing (summoned).

Vanquished Creatures
  Nessos (Lair:5)
  A hydra (Lair:4)
  2 two-headed ogres (D:7)
  Pikel (D:5)
  An ugly thing (D:10)
  2 elephants (Lair:6)
  A molten gargoyle (Lair:1)
  22 spiny frogs
  2 black mambas
  A torpor snail (Lair:5)
  5 komodo dragons
  A rime drake (Lair:4)
  15 blink frogs
  A meliai (Lair:4)
  2 tyrant leeches (Lair:6)
  Grinder (D:5)
  11 dream sheep
  4 hippogriffs
  26 yaks
  A hungry ghost (D:7)
  A basilisk (Lair:5)
  5 vampire mosquitoes (Lair:6)
  16 water moccasins
  10 porcupines
  Duvessa (D:4)
  5 orc warriors
  5 black bears
  4 ice beasts
  A slave (D:5)
  An eye of draining (D:10)
  An ogre (D:6)
  5 phantoms
  A necrophage (D:6)
  3 centaurs
  12 crocodiles
  A big kobold (D:10)
  Blork the orc (D:4)
  30 bullfrogs
  Dowan (D:4)
  A wyvern skeleton (D:11)
  3 scorpions
  6 killer bees (Lair:4)
  2 electric eels (Lair:6)
  5 howler monkeys
  2 crimson imps
  3 hounds
  4 jellies
  A quasit (D:8)
  2 bullfrog zombies
  7 orc priests
  16 orc wizards
  A centaur skeleton (D:10)
  Jessica (D:3)
  4 iguanas
  Ijyb (D:3)
  4 worker ants
  3 hound zombies
  2 hound skeletons
  12 adders
  A shadow imp (D:10)
  4 oozes (Lair:5)
  An adder zombie (D:8)
  An adder skeleton (D:5)
  3 worms
  2 dart slugs (D:1)
  2 leopard geckos
  46 orcs
  A ball python (D:1)
  9 bats
  4 giant cockroaches
  8 goblins
  6 hobgoblins
  9 jackals
  16 kobolds
  4 quokkas
  7 frilled lizards
  A jackal skeleton (D:5)
  A jackal zombie (D:5)
  A leopard gecko skeleton (D:4)
  A quokka skeleton (D:10)
  4 rats
  A fungus (Lair:4)
418 creatures vanquished.

Vanquished Creatures (collateral kills)
  Rupert (Lair:4)
  7 elephants
  5 spiny frogs
  2 komodo dragons
  A queen bee (Lair:4)
  2 meliai (Lair:4)
  10 blink frogs
  A hippogriff (Lair:6)
  A basilisk (Lair:4)
  7 yaks
  A vampire mosquito (Lair:6)
  A water moccasin (Lair:4)
  A black bear (Lair:2)
  3 bullfrogs
  5 killer bees (Lair:4)
  4 electric eels
  2 fungi (Lair:4)
  A plant (Lair:4)
55 creatures vanquished.

Vanquished Creatures (others)
  A slave (D:6)
  A jelly (D:6)
  A worker ant zombie (D:6)
  A shadow imp (D:6)
  An orc (D:6)
  A giant cockroach (D:6)
  2 bushes (Lair:2)
  66 fungi
  74 plants
148 creatures vanquished.

Grand Total: 621 creatures vanquished

Notes
Turn   | Place    | Note
-------+----------+-------------------------------------------
     0 | D:1      | Hastur the Ghoul Earth Elementalist began the quest for the
                  | Orb.
     0 | D:1      | Reached XP level 1. HP: 14/14 MP: 2/2
   224 | D:1      | Reached skill level 1 in Unarmed Combat
   253 | D:1      | Reached XP level 2. HP: 10/22 MP: 0/3
   477 | D:1      | Reached skill level 1 in Fighting
   675 | D:1      | Reached skill level 2 in Unarmed Combat
   845 | D:1      | Reached XP level 3. HP: 16/28 MP: 2/4
  1877 | D:2      | Reached skill level 3 in Unarmed Combat
  1877 | D:2      | Reached XP level 4. HP: 36/36 MP: 1/5
  2150 | D:2      | Noticed Sigmund
  2369 | D:2      | Found a faded altar of an unknown god.
  3184 | D:3      | Noticed Ijyb
  3458 | D:3      | Noticed Jessica
  3462 | D:3      | Killed Jessica
  3532 | D:3      | Reached skill level 4 in Unarmed Combat
  3532 | D:3      | Reached XP level 5. HP: 39/41 MP: 6/6
  4351 | D:3      | Reached skill level 5 in Unarmed Combat
  4351 | D:3      | Reached XP level 6. HP: 50/50 MP: 5/7
  4574 | D:4      | Noticed Dowan
  4576 | D:4      | Noticed Duvessa
  4655 | D:4      | Killed Duvessa
  4887 | D:4      | Killed Dowan
  5013 | D:4      | Found Taah's Assorted Antiques.
  5068 | D:4      | Noticed Blork the orc
  5077 | D:4      | Killed Blork the orc
  5077 | D:4      | Reached skill level 6 in Unarmed Combat
  5077 | D:4      | Reached XP level 7. HP: 45/57 MP: 4/8
  5134 | D:4      | Found a staircase to the Ecumenical Temple.
  5223 | Temple   | Entered the Ecumenical Temple
  5383 | Temple   | Became a worshipper of Makhleb the Destroyer
  5551 | D:4      | Found a large runed translucent door.
  5551 | D:4      | Found a large runed translucent door.
  5555 | D:4      | Noticed releu's ghost (novice TrCj)
  6184 | D:5      | Entered Level 5 of the Dungeon
  6747 | D:5      | Reached skill level 7 in Unarmed Combat
  6880 | D:5      | Found a shimmering blue altar of Sif Muna.
  6987 | D:5      | Found Liolaen's Jewellery Emporium.
  7125 | D:5      | Reached skill level 5 in Fighting
  7259 | D:5      | Noticed Grinder
  7280 | D:5      | Killed Grinder
  7280 | D:5      | Reached skill level 8 in Unarmed Combat
  7280 | D:5      | Reached XP level 8. HP: 10/51 MP: 3/9
  7835 | D:3      | Paralysed by Ijyb for 6 turns
  7843 | D:3      | Killed Ijyb
  8182 | D:6      | Found Busal's Gadget Boutique.
  8377 | D:6      | Reached skill level 9 in Unarmed Combat
  8417 | D:6      | Reached skill level 1 in Invocations
  8547 | D:6      | Found Yttad's Magic Scroll Shoppe.
  8597 | D:6      | Bought a scroll of teleportation for 42 gold pieces
  8597 | D:6      | Bought a scroll of magic mapping for 49 gold pieces
  8637 | D:6      | Found Fuvirak's Weapon Emporium.
  8637 | D:6      | Noticed Pikel
  8751 | D:5      | Killed Pikel
  8751 | D:5      | Reached XP level 9. HP: 28/60 MP: 10/10
  8831 | D:6      | Reached skill level 10 in Unarmed Combat
  8998 | D:6      | Found Qooliw's Distillery.
  9160 | D:6      | Reached * piety under Makhleb
 10714 | D:7      | Noticed a two-headed ogre
 11108 | D:7      | Killed a two-headed ogre
 11108 | D:7      | Reached skill level 11 in Unarmed Combat
 11108 | D:7      | Reached skill level 5 in Invocations
 11108 | D:7      | Reached XP level 10. HP: 64/81 MP: 12/12
 12465 | D:7      | Reached skill level 12 in Unarmed Combat
 13177 | D:8      | Reached ** piety under Makhleb
 13334 | D:8      | Noticed a two-headed ogre
 13720 | D:8      | Found a staircase to the Lair.
 14434 | D:9      | Found a bloodstained altar of Trog.
 14544 | D:9      | Got a bloodstained hand axe
 14762 | D:10     | Entered Level 10 of the Dungeon
 14888 | D:9      | Reached skill level 1 in Shields
 15089 | D:10     | Found a staircase to the Orcish Mines.
 15091 | D:10     | Reached *** piety under Makhleb
 15109 | D:10     | HP: 2/91 [orc warrior/+0 trident (9)]
 15532 | D:10     | Reached XP level 11. HP: 97/97 MP: 1/15
 16076 | D:10     | Found a shadowy altar of Dithmenos.
 16563 | D:7      | Killed a two-headed ogre
 16563 | D:7      | Reached skill level 13 in Unarmed Combat
 16709 | Lair:1   | Entered Level 1 of the Lair of Beasts
 18428 | Lair:2   | Found a glowing golden altar of the Shining One.
 18580 | Lair:2   | Reached skill level 10 in Fighting
 18929 | Lair:2   | Found a staircase to the Swamp.
 19459 | Lair:2   | Reached skill level 14 in Unarmed Combat
 20267 | Lair:3   | Found a staircase to the Snake Pit.
 20277 | Lair:3   | Reached XP level 12. HP: 106/107 MP: 17/17
 20921 | Lair:4   | Noticed Rupert
 20945 | Lair:4   | Killed Rupert
 21864 | Lair:4   | You fall into a shaft and drop 2 floors!
 21864 | Lair:6   | Entered Level 6 of the Lair of Beasts
 21930 | Lair:6   | Reached skill level 5 in Shields
 22005 | Lair:6   | Reached skill level 15 in Unarmed Combat
 22566 | Lair:6   | Reached XP level 13. HP: 98/116 MP: 19/19
 22720 | Lair:5   | Noticed Nessos
 22790 | Lair:6   | Reached skill level 10 in Invocations
 23117 | Lair:4   | Reached **** piety under Makhleb
 23365 | Lair:4   | Identified the +7 hand axe "Vuqizac" {vorpal, rC++ Int+4}
                  | (You found it on level 9 of the Dungeon)
 23944 | Lair:4   | Reached skill level 16 in Unarmed Combat
 24349 | Lair:5   | Found a staircase to the Slime Pits.
 25176 | Lair:5   | Killed Nessos
 26384 | Lair:6   | Reached XP level 14. HP: 61/126 MP: 21/21
 27197 | Lair:6   | Got a twitching tin amulet
 27631 | D:8      | Identified the amulet "Xiasch" {Acrobat rF+} (You found it
                  | on level 6 of the Lair of Beasts)
 27795 | D:10     | Slain by a manticore

Illustrated notes

Levels and vault maps discovered:
D:1:      lemuel_arrival_rhombus, layout_basic, chequers_serial_rivers_small_b,
          minmay_hexomino_c4
D:2:      layout_loops_ring, chequers_ecumenical_altar_simple, first_ration,
          uniq_sigmund
D:3:      minmay_wonky_spiral, layout_loops_cross, kennysheep_small_spiral,
          uniq_ijyb, uniq_jessica
D:4:      layout_basic, minmay_temple_entry_statues_fountains, serial_shops,
          nicolae_shop_overgrown_old_shop, ebering_ghost_disaster_area,
          uniq_blork_the_orc, uniq_duvessa
D:5:      layout_gridville, lemuel_round_altar, serial_shops, shop, uniq_grinder
D:6:      layout_basic, serial_shops, shop, nicolae_shop_behind_doors,
          nicolae_shop_statue_plus, kennysheep_mini_moat,
          minmay_tree_intersection, minmay_divided_ellipse, uniq_pikel
D:7:      layout_loops_ring
D:8:      layout_loops_ring, due_lair_maze_entry_diamond
D:9:      layout_small_grid, basic_altar
D:10:     layout_stronghold, erik_orc_4, grunt_dithmenos_shadows
D:11:     layout_loops_ring, grunt_livestock, minmay_crystal_water
Temple:   kilobyte_greek_temple
Lair:1:   layout_gridlike, grunt_megastairs_2
Lair:2:   layout_chaotic_city, swamp_mist_pool, basic_altar,
          beast_lair_carwin_11, infiniplex_staircase_pool, serial_bayou_shore_b
Lair:3:   layout_regular_city, minmay_snake_entry_six_corridors
Lair:4:   layout_loops_ring, special_room [special_room_bee], disabler_island,
          serial_bayou_shore_b, uniq_rupert
Lair:5:   layout_hall_layers, nicolae_slime_entry_slimehenge, uniq_nessos
Lair:6:   minmay_lair_end_frog_pond, layout_loops_ring

Skill      XL: |  1  2  3  4  5  6  7  8  9 10 11 12 13 |
---------------+----------------------------------------+-----
Unarmed Combat | 1 2 3 4 5 6 8 9 11 12 14 15 16 | 16.9
Fighting       | 1 2 3 4 5 6 8 9 10 11 12 | 12.5
Invocations    | 3 5 6 8 9 11 | 11.1
Shields        | 1 4 5 7 |  7.5
Dodging        | |  1.7
Stealth        | |  2.1
Spellcasting   | |  1.7
Transmutations | |  0.8
Earth Magic    | |  3.2

Action                   |  1- 3 |  4- 6 |  7- 9 | 10-12 | 13-15 || total
-------------------------+-------+-------+-------+-------+-------++-------
Melee: Unarmed           |    88 |     4 |   259 |   869 |   435 ||  1655
       Punch             |       |       |    11 |     6 |       ||    17
       Dagger            |       |       |       |    27 |       ||    27
 Fire: Hunting sling     |    45 |   123 |    56 |       |       ||   224
Throw: Dart              |       |       |     2 |    18 |     1 ||    21
 Cast: Sandblast         |    24 |    48 |    17 |       |       ||    89
Invok: Lesser Servant of |       |       |       |    15 |    18 ||    33
Evoke: Wand              |       |       |    10 |       |     2 ||    12
  Use: Scroll            |       |     6 |       |       |    13 ||    19
       Potion            |       |     1 |       |     2 |     1 ||     4
 Stab: Sleeping          |       |       |     2 |       |       ||     2
       Paralysed         |       |       |     4 |       |     3 ||     7
       Distracted        |       |       |       |     1 |     4 ||     5
  Eat: Chunk             |     9 |     5 |    31 |    65 |    37 ||   147
       Ration            |       |     1 |     3 |       |     1 ||     5
Armor: Robe              |    41 |    17 |       |       |       ||    58
       Leather armour    |       |       |   109 |    71 |       ||   180
       Plate armour      |       |       |       |    60 |       ||    60
       Chain mail        |       |       |       |   199 |   129 ||   328
Dodge: Dodged            |   111 |    49 |   121 |   255 |    68 ||   604
Block: Buckler           |       |       |       |   104 |     3 ||   107
       Kite shield       |       |       |       |       |   149 ||   149
